Map: Blackrock LE

Players

RipNHammer - Winner!

  • Race: Terran Terran
  • League: Master
  • Spawn Location: 7:00

ViruS

  • Race: Zerg Zerg
  • League: Grandmaster
  • Spawn Location: 1:00

VOD

Have the link to the VOD?

Description

Time

  • Played on: Sept. 6, 2026, 10:06 a.m.
  • Length: 9:57
Show
View Real Time Build Order
Export as new Build Order

RipNHammer Terran - Winner!

Build Orders: Reaper Expand, Hellion Banshee 

Get SALT Encoding   

  8  0:00  SCV  
  9  0:12  SCV  
  10  0:24  SCV  
  11  0:37  SCV  
  11  0:41  Supply Depot  
  12  0:49  SCV  
  13  0:53  Refinery  
  13  1:02  SCV  
  14  1:07  Barracks  
  14  1:15  SCV  
  15  1:27  SCV  
  16  1:39  SCV  
  17  1:54  Orbital Command, Reaper  
  18  2:08  Command Center  
  18  2:20  SCV  
  19  2:30  Factory  
  19  2:32  SCV  
  19  2:34  Barracks Reactor  
  20  2:39  Refinery  
  20  2:47  Supply Depot  
  20  2:48  SCV  
  21  3:09  SCV  
  22  3:18  Starport  
  22  3:21  SCV  
  22  3:25  Hellion  
  22  3:26  Hellion, Barracks Tech Lab  
  27  3:33  Orbital Command  
  27  3:36  SCV  
  28  3:47  Hellion  
  28  3:48  SCV  
  31  3:49  Hellion  
  33  3:59  SCV  
  33  4:00  SCV  
  35  4:04  Supply Depot  
  35  4:09  Banshee  
  38  4:10  Cloaking Field  
  38  4:14  SCV  
  39  4:26  SCV  
  39  4:30  SCV  
  41  4:32  Hellion x2  
  41  4:35  Supply Depot  
  41  4:38  SCV  
  46  4:42  SCV  
  47  4:55  Hellion  
  47  4:56  Banshee  
  47  4:57  Hellion  
  54  5:06  SCV x2  
  52  5:16  Hellion  
  52  5:18  Hellion, SCV  
  52  5:20  SCV  
  53  5:22  Command Center  
  53  5:26  Supply Depot  
  53  5:30  SCV  
  53  5:32  SCV  
  53  5:35  Factory, Refinery  
  55  5:42  SCV  
  55  5:44  SCV  
  57  5:55  SCV  
  57  5:56  SCV  
  59  6:08  Hellion x2  
  63  6:12  SCV x2  
  65  6:28  SCV  
  65  6:29  Factory  
  65  6:30  Factory  
  66  6:34  SCV  
  67  6:40  SCV  
  67  6:42  Engineering Bay  
  67  6:44  Supply Depot  
  67  6:45  Refinery  
  67  6:46  SCV  
  69  6:52  SCV  
  69  6:53  Hellion x2, Cyclone  
  77  6:54  Mag-Field Accelerator  
  77  6:57  Supply Depot  
  77  6:58  SCV  
  77  6:59  Supply Depot x2  
  78  7:04  SCV  
  79  7:16  Orbital Command, SCV  
  79  7:17  SCV  
  79  7:18  Refinery  
  79  7:22  Refinery  
  81  7:24  Factory Tech Lab  
  81  7:25  Factory Tech Lab, Hellion  
  81  7:26  Hellion, Liberator  
  81  7:28  Cyclone  
  81  7:29  SCV x2  
  93  7:32  Supply Depot  
  93  7:35  Armory  
  93  7:36  Armory  
  93  7:41  SCV x2  
  93  7:43  SCV  
  93  7:44  Infernal Pre-Igniter  
  96  7:49  Cyclone x2  
  96  7:50  Hellion x2  
  106  7:52  Supply Depot  
  106  7:53  SCV  
  107  7:59  SCV x2  
  107  8:02  Supply Depot  
  107  8:05  SCV  
  110  8:06  Cyclone  
  110  8:11  Hellion, SCV  
  116  8:18  Supply Depot  
  116  8:19  SCV x2, Factory  
  118  8:23  SCV  
  118  8:26  Supply Depot  
  119  8:30  Cyclone, Siege Tank  
  123  8:50  SCV x2  
  123  8:55  Hellion  
  127  8:56  SCV  
  127  8:59  Sensor Tower  
  127  9:02  SCV  
  126  9:12  Cyclone, Siege Tank, Factory Tech Lab, Hellion  
  134  9:18  Command Center  
  134  9:19  Missile Turret  
  138  9:51  Supply Depot  
Show
View Real Time Build Order
Export as new Build Order

ViruS Zerg 

Build Orders: Hatch First 

Get SALT Encoding   

  8  0:00  Drone  
  9  0:11  Drone  
  10  0:17  Drone  
  11  0:22  Drone  
  12  0:33  Overlord  
  12  0:52  Drone x3  
  15  1:13  Hatchery  
  15  1:16  Drone  
  15  1:19  Drone  
  15  1:25  Drone  
  17  1:38  Spawning Pool  
  16  1:42  Drone  
  16  1:44  Drone  
  18  1:48  Extractor  
  18  1:51  Drone  
  18  2:05  Drone  
  19  2:14  Overlord  
  19  2:25  Queen  
  19  2:29  Queen  
  21  2:31  Zergling x2  
  21  2:35  Zergling x2  
  25  2:37  Drone x2  
  27  2:55  Hatchery  
  25  3:04  Metabolic Boost  
  25  3:05  Drone  
  25  3:08  Drone  
  25  3:12  Overlord  
  27  3:15  Drone  
  28  3:21  Drone x2  
  30  3:29  Drone  
  32  3:34  Drone x4  
  35  3:44  Overlord  
  35  3:47  Drone x3  
  38  3:58  Pneumatized Carapace  
  38  4:02  Queen  
  40  4:03  Zergling x4  
  40  4:04  Zergling x2  
  40  4:09  Drone x3  
  46  4:19  Drone x2  
  46  4:20  Drone x3  
  50  4:25  Zergling x2  
  50  4:29  Zergling x2  
  50  4:31  Overlord  
  51  4:41  Extractor, Overlord  
  51  4:45  Queen  
  51  4:47  Zergling x4  
  51  4:48  Queen  
  52  4:57  Zergling x2  
  52  4:58  Zergling x12  
  52  5:01  Drone  
  52  5:05  Drone  
  52  5:06  Drone  
  53  5:12  Drone x4  
  53  5:14  Drone x2  
  53  5:15  Drone  
  53  5:18  Drone  
  53  5:20  Drone  
  56  5:29  Drone  
  56  5:30  Drone x2  
  56  5:32  Drone  
  60  5:38  Spore Crawler  
  60  5:40  Spore Crawler  
  60  5:41  Spore Crawler  
  55  5:43  Drone  
  55  5:47  Lair  
  54  5:50  Drone x2  
  54  6:10  Drone x3  
  54  6:11  Drone x6  
  63  6:12  Extractor  
  60  6:23  Drone x4  
  64  6:27  Drone x2  
  64  6:28  Drone  
  67  6:37  Drone  
  67  6:38  Overlord x3  
  68  6:46  Extractor  
  67  6:50  Overseer  
  67  6:51  Evolution Chamber x2  
  67  6:53  Drone x3  
  68  6:56  Drone x2  
  68  6:57  Drone x3, Hydralisk Den  
  72  7:02  Zergling x6  
  75  7:19  Zerg Missile Weapons Level 1, Zerg Ground Armor Level 1  
  75  7:25  Drone x2  
  75  7:26  Drone x5  
  75  7:29  Hatchery  
  81  7:30  Overlord  
  81  7:35  Drone x3  
  81  7:36  Drone x2  
  86  7:37  Grooved Spines  
  86  7:40  Overseer, Overlord  
  86  7:49  Extractor  
  86  7:50  Extractor  
  84  7:55  Drone  
  84  7:56  Overlord  
  84  7:57  Overlord  
  85  8:00  Drone  
  85  8:04  Overlord x2  
  86  8:06  Hydralisk x2  
  86  8:11  Hatchery  
  89  8:13  Hydralisk x3  
  89  8:15  Infestation Pit  
  94  8:21  Hydralisk x3  
  97  8:30  Hydralisk  
  97  8:31  Hydralisk x3  
  99  8:42  Zergling x18  
  108  8:54  Infestor x2  
  108  8:55  Infestor  
  112  8:57  Drone  
  112  8:58  Drone  
  112  9:00  Drone  
  112  9:01  Drone x5  
  120  9:08  Drone x5  
  121  9:16  Drone x2  
  121  9:17  Drone x2  
  111  9:26  Hydralisk  
  111  9:27  Hydralisk x8  
Tags
 
Add a new tag
Caveats
  • Supply blocks, unpowered buildings, or Contaminate may cause inaccurate times.
  • Supply counts are checked every 10 seconds.